[Event "ISR-chT 2020"]
[Site "Israel"]
[Date "2020.01.17"]
[Round "3.2"]
[White "Veinberg, Nimrod"]
[Black "Dvoirys, Semen I."]
[Result "0-1"]
[ECO "D85"]
[WhiteElo "2402"]
[BlackElo "2466"]
[Annotator "ChessBase"]
[PlyCount "80"]
[EventDate "2020.01.10"]
[EventType "team-tourn"]
[EventCountry "ISR"]
[SourceTitle "playchess.com"]
[Source "ChessBase"]
[SourceQuality "1"]
[TimeControl "40/5400+30:1800+30"]

1. d4 Nf6 2. c4 g6 3. Nc3 d5 4. cxd5 Nxd5 5. e4 Nxc3 6. bxc3 Bg7 7. Be3 c5 8. Qd2 Qa5 9. Rc1 Nd7 10. Nf3 Nf6 11. Bd3 O-O 12. O-O Bd7 13. Rb1 b6 14. Ne5 Rfd8 15. Rfc1 Be8 16. Qe2 Rac8 17. Bd2 cxd4 18. cxd4 Rxc1+ 19. Rxc1 Qxa2 20. Qe3 Nxe4 21. Bb4 Nd6 22. Nc4 Nc8 23. Bxe7 Bxd4 24. Bxd8 Bxe3 25. Nxe3 Nd6 26. h3 Qa3 27. Rd1 Ba4 28. Rd2 Qc3 29. Nf1 Bb5 30. Bxb5 Nxb5 31. Bg5 Kg7 32. Ng3 h6 33. Be3 a5 34. Rd8 a4 35. Ra8 a3 36. Bxb6 Qc6 37. Ra6 Qb7 38. Bd4+ Nxd4 39. Rxa3 Qb1+ 40. Kh2 Qb2 0-1

[Event "ISR-chT 2020"]
[Site "Israel"]
[Date "2020.01.17"]
[Round "3.6"]
[White "Psakhis, Lev"]
[Black "Klenburg, Michael"]
[Result "1/2-1/2"]
[ECO "B07"]
[WhiteElo "2456"]
[BlackElo "2357"]
[Annotator "ChessBase"]
[PlyCount "53"]
[EventDate "2020.01.10"]
[EventType "team-tourn"]
[EventCountry "ISR"]
[SourceTitle "playchess.com"]
[Source "ChessBase"]
[SourceQuality "1"]
[TimeControl "40/5400+30:1800+30"]

1. e4 d6 2. d4 Nf6 3. f3 e5 4. d5 Be7 5. c4 O-O 6. Nc3 c6 7. Be3 a6 8. Bd3 Nh5 9. Qd2 h6 10. Nge2 Bg5 11. h4 Bxe3 12. Qxe3 Qf6 13. g3 c5 14. a4 Re8 15. Kd2 Nd7 16. Rag1 Qd8 17. g4 Nf4 18. Nxf4 exf4 19. Qxf4 Ne5 20. Ra1 Bd7 21. g5 h5 22. Be2 Qb6 23. Kc2 Qb4 24. a5 b5 25. axb6 a5 26. Ra3 a4 27. Rb1 1/2-1/2

[Event "ISR-chT 2020"]
[Site "Israel"]
[Date "2020.01.17"]
[Round "3.8"]
[White "Gruenfeld, Yehuda"]
[Black "Emanuel, Yahav"]
[Result "1/2-1/2"]
[ECO "C65"]
[WhiteElo "2432"]
[BlackElo "2356"]
[Annotator "ChessBase"]
[PlyCount "49"]
[EventDate "2020.01.10"]
[EventType "team-tourn"]
[EventCountry "ISR"]
[SourceTitle "playchess.com"]
[Source "ChessBase"]
[SourceQuality "1"]
[TimeControl "40/5400+30:1800+30"]

1. e4 e5 2. Nf3 Nc6 3. Bb5 Bc5 4. O-O Nf6 5. Bxc6 dxc6 6. d3 Nd7 7. Be3 Bd6 8. Nbd2 O-O 9. c3 b6 10. Qc2 c5 11. Rfe1 Re8 12. Rad1 Qe7 13. d4 Ba6 14. dxe5 Nxe5 15. Nxe5 Qxe5 16. f4 Qh5 17. e5 Be2 18. Rc1 Be7 19. Ne4 Bb5 20. Ng3 Qg4 21. Qe4 Bh4 22. Bf2 Rad8 23. c4 Bxg3 24. hxg3 Ba6 25. a3 1/2-1/2

[Event "ISR-chT 2020"]
[Site "Israel"]
[Date "2020.01.17"]
[Round "3.11"]
[White "Lavi, Idan"]
[Black "Polyakov, Alex"]
[Result "0-1"]
[ECO "A48"]
[WhiteElo "2095"]
[BlackElo "2235"]
[Annotator "ChessBase"]
[PlyCount "92"]
[EventDate "2020.01.10"]
[EventType "team-tourn"]
[EventCountry "ISR"]
[SourceTitle "playchess.com"]
[Source "ChessBase"]
[SourceQuality "1"]
[TimeControl "40/5400+30:1800+30"]

1. d4 b6 2. Nf3 Nf6 3. Bf4 Bb7 4. e3 c5 5. c3 g6 6. Nbd2 Bg7 7. Bd3 O-O 8. O-O d6 9. Qe2 Nbd7 10. e4 cxd4 11. cxd4 Nh5 12. Bg5 h6 13. Be3 e5 14. g3 exd4 15. Bxd4 Nc5 16. Bxg7 Kxg7 17. b4 Nxd3 18. Qxd3 Nf6 19. Rfe1 Re8 20. Rad1 Rc8 21. Qd4 Qc7 22. h4 Qc3 23. Qxc3 Rxc3 24. Nd4 Rd3 25. Nb5 Nxe4 26. f3 Nxd2 27. Rxe8 Nxf3+ 28. Kf2 Rxd1 29. Re7 Rd2+ 30. Ke3 Ba6 31. a4 Bxb5 32. axb5 Rd5 33. Kxf3 Rxb5 34. Rxa7 Kf6 35. Ra4 Ke5 36. Ke3 h5 37. Kd3 Rd5+ 38. Ke3 Rd4 39. Ra7 Rxb4 40. Rxf7 Rg4 41. Kf3 b5 42. Rb7 b4 43. Rb8 Kd5 44. Rb7 Kc4 45. Rc7+ Kd3 46. Rd7 Rd4 0-1

[Event "ISR-chT 2020"]
[Site "Israel"]
[Date "2020.01.17"]
[Round "3.15"]
[White "Caspi, Israel"]
[Black "Zanan, Evgeny"]
[Result "1-0"]
[ECO "B90"]
[WhiteElo "2474"]
[BlackElo "2503"]
[Annotator "ChessBase"]
[PlyCount "71"]
[EventDate "2020.01.10"]
[EventType "team-tourn"]
[EventCountry "ISR"]
[SourceTitle "playchess.com"]
[Source "ChessBase"]
[SourceQuality "1"]
[TimeControl "40/5400+30:1800+30"]

1. e4 c5 2. Nf3 d6 3. d4 cxd4 4. Nxd4 Nf6 5. Nc3 a6 6. f3 e5 7. Nb3 Be6 8. Be3 Nbd7 9. g4 b5 10. g5 b4 11. Nd5 Nxd5 12. exd5 Bf5 13. Bd3 Bxd3 14. Qxd3 Be7 15. h4 O-O 16. O-O-O f5 17. Kb1 Qc7 18. f4 Rac8 19. Rh2 a5 20. Qb5 Ra8 21. fxe5 f4 22. Bc1 Nxe5 23. Nd4 Rab8 24. Ne6 Qa7 25. Qf1 f3 26. Nxf8 Rxf8 27. Qh3 a4 28. h5 b3 29. h6 g6 30. Qe6+ Rf7 31. axb3 axb3 32. cxb3 f2 33. Rf1 Nd3 34. Be3 Qa5 35. Rhxf2 Nxf2 36. Rxf2 1-0

[Event "ISR-chT 2020"]
[Site "Israel"]
[Date "2020.01.17"]
[Round "3.16"]
[White "Kobo, Ori"]
[Black "Zifroni, Dov"]
[Result "1/2-1/2"]
[ECO "E04"]
[WhiteElo "2445"]
[BlackElo "2452"]
[Annotator "RC"]
[PlyCount "32"]
[EventDate "2020.01.10"]
[EventType "team-tourn"]
[EventCountry "ISR"]
[SourceTitle "playchess.com"]
[Source "ChessBase"]
[SourceQuality "1"]
[TimeControl "40/5400+30:1800+30"]

1. d4 Nf6 2. c4 e6 3. g3 d5 4. Bg2 dxc4 5. Nf3 c5 6. O-O Nc6 7. Qa4 Bd7 8. dxc5 Na5 9. Qa3 Rc8 10. b4 cxb3 11. axb3 Rxc5 12. Qb2 Be7 13. b4 Nc4 14. Qd4 Rc8 15. Rxa7 Bxb4 16. Rxb7 Bc5 1/2-1/2

[Event "ISR-chT 2020"]
[Site "Israel"]
[Date "2020.01.17"]
[Round "3.22"]
[White "Oratovsky, Michael"]
[Black "Golod, Vitali"]
[Result "1/2-1/2"]
[ECO "B51"]
[WhiteElo "2434"]
[BlackElo "2503"]
[Annotator "ChessBase"]
[PlyCount "34"]
[EventDate "2020.01.10"]
[EventType "team-tourn"]
[EventCountry "ISR"]
[SourceTitle "playchess.com"]
[Source "ChessBase"]
[SourceQuality "1"]
[TimeControl "40/5400+30:1800+30"]

1. e4 c5 2. Nf3 d6 3. Bb5+ Nd7 4. O-O a6 5. Bxd7+ Bxd7 6. d4 cxd4 7. Qxd4 e5 8. Qd3 Rc8 9. c4 b5 10. Nfd2 Nf6 11. Nc3 Qb6 12. b3 Be7 13. a4 O-O 14. axb5 axb5 15. Nxb5 Bxb5 16. cxb5 Rb8 17. Ra6 Qxb5 1/2-1/2

[Event "ISR-chT 2020"]
[Site "Israel"]
[Date "2020.01.17"]
[Round "3.23"]
[White "Kogan, Arthur"]
[Black "Chernomordik, Pavel"]
[Result "1-0"]
[ECO "B06"]
[WhiteElo "2524"]
[BlackElo "2218"]
[Annotator "ChessBase"]
[PlyCount "83"]
[EventDate "2020.01.10"]
[EventType "team-tourn"]
[EventCountry "ISR"]
[SourceTitle "playchess.com"]
[Source "ChessBase"]
[SourceQuality "1"]
[TimeControl "40/5400+30:1800+30"]

1. e4 g6 2. d4 Bg7 3. Nc3 d6 4. Bg5 h6 5. Be3 a6 6. Qd2 b5 7. Nge2 Bb7 8. f3 Nd7 9. d5 Ne5 10. Nd4 Nf6 11. a4 bxa4 12. Be2 c5 13. dxc6 Nxc6 14. Nxc6 Bxc6 15. Nxa4 Nd7 16. O-O O-O 17. Ra2 Bb5 18. c4 Bxa4 19. Rxa4 Nc5 20. Ra3 a5 21. b3 Rb8 22. Bd1 h5 23. Bc2 Qb6 24. f4 Qb4 25. Qxb4 axb4 26. Ra7 Ra8 27. Rxe7 Ra2 28. Bd1 Bf6 29. Rc7 Nxe4 30. f5 Nd2 31. Re1 Bc3 32. Bh6 Nxc4 33. Ree7 Bd4+ 34. Kf1 Rf2+ 35. Ke1 Nb2 36. Be2 Ra8 37. fxg6 fxg6 38. Rg7+ Kh8 39. Rh7+ Kg8 40. Rcg7+ Bxg7 41. Rxg7+ Kh8 42. Kxf2 1-0

[Event "ISR-chT 2020"]
[Site "Israel"]
[Date "2020.01.17"]
[Round "3.28"]
[White "Mesropov, Konstantin"]
[Black "Manor, Ilan"]
[Result "1/2-1/2"]
[ECO "A45"]
[WhiteElo "2416"]
[BlackElo "2457"]
[Annotator "ChessBase"]
[PlyCount "63"]
[EventDate "2020.01.10"]
[EventType "team-tourn"]
[EventCountry "ISR"]
[SourceTitle "playchess.com"]
[Source "ChessBase"]
[SourceQuality "1"]
[TimeControl "40/5400+30:1800+30"]

1. d4 Nf6 2. Bg5 c5 3. Bxf6 gxf6 4. d5 f5 5. c4 b5 6. cxb5 a6 7. bxa6 Bg7 8. Nc3 Qa5 9. Qd2 Nxa6 10. e3 Nb4 11. Nge2 Rb8 12. Rc1 Ba6 13. Ng3 Nxa2 14. Nxa2 Qxa2 15. b4 Qxd2+ 16. Kxd2 Bxf1 17. Rhxf1 cxb4 18. Nxf5 Bc3+ 19. Kd3 d6 20. Nd4 Kd7 21. Ne2 Bf6 22. Rc4 Rb5 23. Nd4 Bxd4 24. Kxd4 Ra8 25. Rb1 b3 26. Kc3 Rab8 27. Rb2 h5 28. Rf4 Rc5+ 29. Rc4 Rcb5 30. Rf4 Rc8+ 31. Rc4 Rcb8 32. Rf4 1/2-1/2

[Event "ISR-chT 2020"]
[Site "Israel"]
[Date "2020.01.17"]
[Round "3.30"]
[White "Tarnopolsky, Anatoly"]
[Black "Friedland, Moshe"]
[Result "1-0"]
[ECO "D13"]
[WhiteElo "2306"]
[BlackElo "2257"]
[Annotator "ChessBase"]
[PlyCount "65"]
[EventDate "2020.01.10"]
[EventType "team-tourn"]
[EventCountry "ISR"]
[SourceTitle "playchess.com"]
[Source "ChessBase"]
[SourceQuality "1"]
[TimeControl "40/5400+30:1800+30"]

1. d4 Nf6 2. c4 c6 3. Nc3 d5 4. cxd5 cxd5 5. Nf3 Nc6 6. Bf4 Bf5 7. e3 a6 8. Be2 e6 9. Qb3 Na5 10. Qa4+ Nc6 11. Ne5 Qb6 12. Nxc6 bxc6 13. O-O Be7 14. Qb3 Nd7 15. Rfc1 Qa7 16. Qa4 c5 17. dxc5 Bxc5 18. b4 Bb6 19. b5 Nc5 20. Qd1 O-O 21. bxa6 Nxa6 22. Nb5 Qd7 23. Nd4 Bg6 24. Bb5 Qa7 25. Nc6 Qb7 26. Bd6 Rfd8 27. Ne7+ Kh8 28. Bc6 Qa7 29. Bxa8 Qxa8 30. Nxg6+ hxg6 31. Be7 Rd7 32. Qa4 Qb7 33. Rab1 1-0

[Event "ISR-chT 2020"]
[Site "Israel"]
[Date "2020.01.17"]
[Round "3.36"]
[White "Gorshtein, Ido"]
[Black "Greenfeld, Alon"]
[Result "1-0"]
[ECO "A31"]
[WhiteElo "2372"]
[BlackElo "2510"]
[Annotator "ChessBase"]
[PlyCount "65"]
[EventDate "2020.01.10"]
[EventType "team-tourn"]
[EventCountry "ISR"]
[SourceTitle "playchess.com"]
[Source "ChessBase"]
[SourceQuality "1"]
[TimeControl "40/5400+30:1800+30"]

1. c4 Nf6 2. Nf3 c5 3. d4 cxd4 4. Nxd4 e5 5. Nb5 d5 6. cxd5 Bc5 7. N5c3 O-O 8. e3 e4 9. Be2 Qe7 10. Nd2 Rd8 11. a3 a5 12. Qa4 Bf5 13. g4 Nxg4 14. Ndxe4 b5 15. Bxb5 Bb4 16. Ng3 Be4 17. axb4 Bxh1 18. Nxh1 Na6 19. bxa5 Nb4 20. a6 Ne5 21. e4 Ned3+ 22. Bxd3 Nxd3+ 23. Ke2 Nxc1+ 24. Rxc1 Rd6 25. Qb4 Qd8 26. Qd4 Rdxa6 27. Ng3 Rb8 28. Rc2 Qg5 29. e5 h5 30. h4 Qe7 31. d6 Qe6 32. Nd5 Rb5 33. Rc8+ 1-0